 Dungeon Crawl Stone Soup version 0.17.1-1-g73c8601 (webtiles) character file.

151 Haruspex the Slasher (level 5, -2/31 HPs)
             Began as a Deep Elf Fighter on Dec 18, 2015.
             Slain by a water moccasin skeleton (5 damage)
             ... on level 3 of the Dungeon.
             The game lasted 00:11:26 (3080 turns).

Haruspex the Slasher (Deep Elf Fighter)             Turns: 3080, Time: 00:11:26

Health: -2/31      AC:  6    Str: 14    XL:     5   Next: 11%
Magic:  7/7        EV:  6    Int: 13    God:
Gold:   82         SH:  8    Dex: 14    Spells: 0 memorised, 4 levels left

rFire  . . .     SeeInvis .     a - +0 long sword
rCold  . . .     Clarity  .     b - +0 scale mail
rNeg   . . .     SustAt   .     c - +0 shield
rPois  +         Gourm    .     (no helmet)
rElec  .         Spirit   .     (no cloak)
rCorr  .         Warding  .     (no gloves)
rMut   .         Stasis   .     (no boots)
MR     .....                    (no amulet)
Stlth  ..........               (no ring)
                                s - ring of poison resistance

@: not resistant to hostile enchantments, extremely unstealthy
A: no striking features
a: no special abilities


You were on level 3 of the Dungeon.
You were hungry.

You visited 1 branch of the dungeon, and saw 3 of its levels.

You collected 82 gold pieces.

Inventory:

Hand Weapons
 a - a +0 long sword (weapon)
 w - a +0 dagger of venom
Missiles
 f - 3 tomahawks (quivered)
 g - 26 sling bullets
 j - 8 poisoned sling bullets
Armour
 b - a +0 scale mail (worn)
 c - a +0 shield (worn)
Jewellery
 s - a ring of poison resistance (left hand)
Scrolls
 h - 7 scrolls of identify {unknown}
 i - a scroll of remove curse {unknown}
 l - a scroll of random uselessness {unknown}
 n - 2 scrolls of magic mapping {unknown}
 r - a scroll of noise {unknown}
 u - a scroll of fog {unknown}
 v - a scroll of enchant armour {unknown}
Potions
 d - a potion of might
 m - a potion of degeneration {unknown}
 o - a potion of agility {unknown}
 p - a potion of curing {unknown}
 q - a potion of heal wounds {unknown}
 t - a potion of flight {unknown}
Comestibles
 e - 2 bread rations
 k - 2 meat rations


   Skills:
 - Level 2.4 Fighting
 * Level 4.8 Long Blades
 - Level 2.4 Armour
 - Level 2.4 Shields


You had 4 spell levels left.
You didn't know any spells.

Dungeon Overview and Level Annotations

Branches:
Dungeon (3/15)

Altars:
Ashenzari
Dithmenos
Nemelex Xobeh
Sif Muna


Message History

You closely miss the water moccasin skeleton.
The water moccasin skeleton bites you but does no damage.
You closely miss the water moccasin skeleton.
You block the water moccasin skeleton's attack.
The water moccasin skeleton bites you but does no damage.
You are too injured to fight recklessly!
You closely miss the water moccasin skeleton.
You block the water moccasin skeleton's attack.
You barely miss the water moccasin skeleton.
The water moccasin skeleton bites you.
* * * LOW HITPOINT WARNING * * *
The water moccasin skeleton bites you but does no damage.
You hit the water moccasin skeleton but do no damage.
The water moccasin skeleton closely misses you.
You hit the water moccasin skeleton.
The water moccasin skeleton completely misses you.
You block the water moccasin skeleton's attack.
You barely miss the water moccasin skeleton.
The water moccasin skeleton bites you.
You die...

#..#####...#####..
#.##...'#.#'...#
#.#.8...#.#...8.#
#.#.._..#.#.._..#
#.#.8.8.#.#.8.8.#
##.##...##.##...##
#).######...##### ####.##
#.......##.# #.....#
#.##.##@##.##
#.###.###.##....Z...###
#.###...(.#######.....#
#.....##### #.###.#
#...#.######## #.# #.####
##...........# #.###....#
###.#.......# #........#
#.#.......#####>.##.........
####.#...........#..#..........


You could see a water moccasin skeleton.

Vanquished Creatures
  4 gnolls (D:2)
  4 adders (D:2)
  2 oozes (D:1)
  3 worms (D:2)
  2 giant geckos (D:2)
  3 ball pythons (D:1)
  A giant cockroach (D:2)
  8 hobgoblins
  A quokka (D:2)
  5 bats
  A giant newt (D:2)
  10 goblins
  3 jackals (D:1)
  8 kobolds
  7 rats
62 creatures vanquished.

Notes
Turn   | Place    | Note
--------------------------------------------------------------
     0 | D:1      | Haruspex the Deep Elf Fighter began the quest for the Orb.
     0 | D:1      | Reached XP level 1. HP: 13/13 MP: 3/3
    95 | D:1      | Reached XP level 2. HP: 11/18 MP: 4/4
   553 | D:1      | Reached skill level 3 in Long Blades
   734 | D:1      | Reached XP level 3. HP: 20/22 MP: 5/5
  1481 | D:2      | Reached XP level 4. HP: 19/27 MP: 6/6
  1774 | D:2      | Reached skill level 4 in Long Blades
  2406 | D:2      | Reached XP level 5. HP: 19/31 MP: 7/7
  2985 | D:3      | Found a sparkling altar of Nemelex Xobeh.
  2995 | D:3      | Found a shadowy altar of Dithmenos.
  3005 | D:3      | Found a shattered altar of Ashenzari.
  3008 | D:3      | Found a deep blue altar of Sif Muna.
  3080 | D:3      | Slain by a water moccasin skeleton

Action                   |  1- 3 |  4- 6 || total
-------------------------+-------+-------++-------
Melee: Long sword        |   125 |   145 ||   270
Throw: Tomahawk          |     4 |     5 ||     9
  Eat: Chunk             |     2 |     3 ||     5
       Pizza             |       |     1 ||     1
